 Dungeon Crawl Stone Soup version 0.27.0-1-g7a089689b8 (webtiles) character file.

Game seed: 16415816187743975118

43 RedPan the Chiller (level 3, -3/24 HPs)
             Began as a Demonspawn Ice Elementalist on Aug 6, 2021.
             Killed from afar by Sigmund (8 damage)
             ... with a magic dart
             ... on level 2 of the Dungeon.
             The game lasted 00:03:36 (1775 turns).

RedPan the Chiller (Demonspawn Ice Elementalist)    Turns: 1775, Time: 00:03:36

Health: -3/24      AC:  2    Str:  8    XL:     3   Next: 37%
Magic:  2/7        EV: 12    Int: 17    God:
Gold:   53         SH:  0    Dex: 13    Spells: 0/7 levels left

rFire    . . .     SeeInvis .   b - +0 spear
rCold    . . .     Faith    .   (no shield)
rNeg     . . .     Spirit   .   a - +0 robe
rPois    .         Reflect  .   (no helmet)
rElec    .         Harm     .   (no cloak)
rCorr    .         Rampage  .   (no gloves)
Will     .....                  (no boots)
Stlth    +.........             (no amulet)
HPRegen  0.08/turn              (no ring)
MPRegen  0.10/turn              (no ring)

@: confused
A: claws 1
a: no special abilities


You were on level 2 of the Dungeon.
You visited 1 branch of the dungeon, and saw 2 of its levels.

You collected 53 gold pieces.

Inventory:

Hand Weapons
 b - a +0 spear (weapon)
Armour
 a - a +0 robe (worn)


   Skills:
 - Level 2.0 Dodging
 - Level 2.0 Stealth
 + Level 2.7 Spellcasting
 + Level 4.1 Ice Magic


You couldn't memorise any spells.
You knew the following spells:

 Your Spells              Type           Power      Damage    Failure   Level
a - Freeze                Ice            64%        1d8       3%          1
b - Frozen Ramparts       Ice            32%        1d5       10%         3
c - Ozocubu's Armour      Ice            16%        N/A       10%         3

Your spell library contained the following spells:

 Spells                   Type           Power      Damage    Failure   Level
 Beastly Appendage        Tmut           4%         N/A       19%         1
 Foxfire                  Conj/Fire      8%         2x1d4     19%         1
 Sting                    Tmut/Pois      8%         1d3       19%         1
 Corpse Rot               Necr/Air       N/A        N/A       26%         2
 Poisonous Vapours        Pois/Air       4%         N/A       26%         2
 Conjure Flame            Conj/Fire      2%         6-21      47%         3
 Inner Flame              Hex/Fire       2%         N/A       47%         3
 Hailstorm                Conj/Ice       9%         3d4       58%         4
 Olgreb's Toxic Radiance  Pois           2%         N/A       87%         4
 Simulacrum               Ice/Necr       4%         N/A       100%        6
 Necromutation            Tmut/Necr      1%         N/A       100%        8


Dungeon Overview and Level Annotations

Branches:
Dungeon (2/15)

Altars:

Annotations:
D:2 Sigmund


Innate Abilities, Weirdness & Mutations

You have sharp fingernails.


Message History

Reach: b) +0 spear
Press: ? - help, Dir - move target, f/p - Sigmund
Aim: Sigmund, wielding a +0 antimagic scythe and wearing a +2 robe of fire resistance (severely wounded, about 45% to evade your +0 spear)
You reach to attack!
You barely miss Sigmund.
Sigmund is severely wounded.
The wall freezes Sigmund.
Sigmund gestures at you while chanting. The puff of flame hits you!
* * * LOW HITPOINT WARNING * * *
Unknown command.
Reach: b) +0 spear
Press: ? - help, Dir - move target, f/p - Sigmund
Aim: Sigmund, wielding a +0 antimagic scythe and wearing a +2 robe of fire resistance (severely wounded, about 45% to evade your +0 spear)
You reach to attack!
You completely miss Sigmund.
Sigmund is severely wounded.
The wall freezes Sigmund.
Sigmund barely misses you.
Reach: b) +0 spear
Press: ? - help, Dir - move target, f/p - Sigmund
Aim: Sigmund, wielding a +0 antimagic scythe and wearing a +2 robe of fire resistance (severely wounded, about 45% to evade your +0 spear)
You reach to attack!
You closely miss Sigmund.
Sigmund is severely wounded.
The frozen ramparts melt away.
Sigmund barely misses you.
Reach: b) +0 spear
Press: ? - help, Dir - move target, f/p - Sigmund
Aim: Sigmund, wielding a +0 antimagic scythe and wearing a +2 robe of fire resistance (severely wounded, about 45% to evade your +0 spear)
Okay, then.
You aren't carrying any potions.
As you read the scroll labelled KALIRE SEUFOIZ, it crumbles to dust.
The creatures around you are filled with an inner flame!
It was a scroll of immolation.
Sigmund misses you. Sigmund gestures at you while chanting.
You are confused.
You're too confused to move!
Unknown command.
You bump into the rock wall.
Sigmund closely misses you.
You bump into the rock wall.
Sigmund misses you. Sigmund looks at you with fury.
Sigmund casts a spell at you. The magic dart hits you!
You die...

... ## ### .. .#
#.. #. .#.# #.##
####.## # #...
#....>###.####
#...
#.##..........
#.|.
#.##.#@##..##
####... #.##.#.#
. ........
#.##.#.# .......#
#.##.##@..#
.#####. #.##.#
#.## #.
###########.##.#
.# #.
............#..##
# ..
###########.....#
.. #####.....# .


You could see Sigmund (inner flame).

Vanquished Creatures
  An adder (D:2)
  3 dart slugs
  6 bats
  2 endoplasms (D:1)
  3 giant cockroaches (D:1)
  3 goblins (D:1)
  2 hobgoblins
  A ball python (D:1)
  2 frilled lizards (D:1)
  2 kobolds (D:1)
  3 rats (D:1)
28 creatures vanquished.

Notes
Turn   | Place    | Note
-------+----------+-------------------------------------------
     0 | D:1      | RedPan the Demonspawn Ice Elementalist began the quest for
                  | the Orb.
     0 | D:1      | Reached XP level 1. HP: 13/13 MP: 3/3
   315 | D:1      | Gained mutation: You have sharp fingernails. [demonic
                  | ancestry]
   315 | D:1      | Reached XP level 2. HP: 19/19 MP: 3/5
   584 | D:1      | Got the Reference Book on Stolen Souls and Transformation
   870 | D:1      | Reached skill level 4 in Ice Magic
  1054 | D:1      | Reached XP level 3. HP: 24/24 MP: 3/6
  1459 | D:2      | Noticed Sigmund
  1587 | D:2      | Learned a level 3 spell: Frozen Ramparts
  1591 | D:2      | Learned a level 3 spell: Ozocubu's Armour
  1775 | D:2      | Killed from afar by Sigmund

Illustrated notes

Levels and vault maps discovered:
D:1:      scummos_arrival_gate, layout_basic
D:2:      layout_loops_ring, uniq_sigmund

Skill      XL: |  1  2 |
---------------+-------+-----
Dodging        | 2 |  2.0
Stealth        | 2 |  2.0
Ice Magic      | 4 |  4.1
Spellcasting   | |  2.7

Action                   || total
-------------------------++-------
Melee: Spear             ||    59
 Cast: Freeze            ||    23
       Frozen Ramparts   ||     1
  Use: Scroll            ||     2
       Potion            ||     1
 Stab: Sleeping          ||     6
Armor: Robe              ||    13
Dodge: Dodged            ||    45
